Map: Apotheosis LE

Players

Serral

  • Race: Zerg Zerg

uThermal - Winner!

  • Race: Terran Terran

Event: 2016 WCS Summer Circuit Championship (DH Montreal)

VOD

Have the link to the VOD?

Description

Time

  • Played on: Aug. 12, 2016, 1:29 p.m.
  • Length: 3:14

All games in this series

Show
View Real Time Build Order
Export as new Build Order

Serral Zerg 

Build Orders: 2 Base Roach Zergling, Hatch First, Roach Zergling 

Get SALT Encoding   

  12  0:00  Drone  
  13  0:12  Overlord  
  13  0:17  Drone  
  14  0:31  Drone x2  
  17  0:35  Drone  
  17  0:52  Hatchery  
  17  0:55  Drone  
  17  0:59  Drone  
  17  1:02  Extractor  
  17  1:15  Spawning Pool  
  17  1:17  Drone  
  17  1:21  Drone  
  18  1:29  Drone  
  19  1:39  Overlord  
  19  2:02  Roach Warren, Queen, Zergling x4  
  22  2:12  Zergling x2  
  23  2:18  Extractor  
  22  2:23  Zergling x2  
  22  2:29  Zergling x2  
  22  2:46  Roach x2  
  26  2:54  Roach  
  26  2:57  Zergling x4  
Show
View Real Time Build Order
Export as new Build Order

uThermal Terran - Winner!

Build Orders: 3 Rax Reaper, Mass Reaper 

Get SALT Encoding   

  12  0:09  Supply Depot  
  12  0:14  SCV  
  13  0:38  Barracks  
  13  0:41  Refinery  
  13  0:55  Barracks  
  13  1:07  SCV  
  14  1:26  Reaper  
  14  1:27  Barracks  
  15  1:33  Refinery  
  15  1:42  Reaper  
  16  1:59  Reaper  
  17  2:05  Bunker  
  17  2:15  Reaper  
  18  2:24  Reaper  
  19  2:34  Reaper  
Tags
 
Add a new tag
Caveats
  • Supply blocks, unpowered buildings, or Contaminate may cause inaccurate times.
  • Supply counts are checked every 10 seconds.